 Dungeon Crawl Stone Soup version 0.30-b1-2-g02819fbbbe (webtiles) character file.

Game seed: 13130754175999897831

1505 Mesmaeker13 the Sneak (level 8, -1/60 HPs)
             Began as an Armataur Hedge Wizard on May 29, 2023.
             Was an Initiate of Cheibriados.
             Slain by eelars's ghost (15 damage)
             ... on level 6 of the Dungeon.
             The game lasted 00:15:54 (6513 turns).

Mesmaeker13 the Sneak (Armataur Hedge Wizard)       Turns: 6513, Time: 00:15:55

Health: -1/60      AC:  5    Str: 16    XL:     8   Next: 52%
Magic:  7/25       EV:  9    Int: 25    God:    Cheibriados [......]
Gold:   479        SH:  0    Dex: 10    Spells: 6/17 levels left

rFire   + . .        x - +6 falchion of False Accusations {venom, rF+ rN++ MP+9}
rCold   . . .        (no shield)
rNeg    + + .        o - +1 robe
rPois   .            c - +0 hat
rElec   .            (no cloak)
rCorr   .            (no gloves)
SInv    .            (no barding)
Will    .....        a - amulet of the acrobat
Stlth   +++          n - +6 ring of intelligence
HPRegen 0.30/turn    (no ring)
MPRegen 0.19/turn

%: acrobat, roll
@: about to teleport, very slow
A: large, rugged brown scales 3, deformed body, armoured tail, roll, long
tongue, awkward tongue
a: Renounce Religion


You were on level 6 of the Dungeon.
You worshipped Cheibriados.
Cheibriados was noncommittal.
You visited 1 branch of the dungeon, and saw 6 of its levels.

You collected 479 gold pieces.

Inventory:

Hand Weapons
 x - the +6 falchion of False Accusations (weapon) {venom, rF+ rN++ MP+9}
   (You found it on level 6 of the Dungeon)

   rF:        It protects you from fire.
   rN:        It greatly protects you from negative energy.
   MP:        It affects your magic capacity (+9).
 y - a +1 trident of flaming
Missiles
 e - a poisoned dart (quivered)
Armour
 c - a +0 hat (worn)
 o - a +1 robe (worn)
Jewellery
 a - an amulet of the acrobat (around neck)
 n - a +6 ring of intelligence (left hand)
Scrolls
 b - 3 scrolls of teleportation
 f - 5 scrolls of noise
 i - a scroll of blinking {unknown}
 k - 2 scrolls of enchant armour
 m - a scroll of amnesia {unknown}
 q - a scroll of magic mapping
 u - 2 scrolls of fear
 v - a scroll of vulnerability
Potions
 d - a potion of magic
 g - a potion of brilliance {unknown}
 j - 2 potions of cancellation
 l - 2 potions of lignification
 p - a potion of mutation {unknown}
 r - 2 potions of curing
 t - a potion of resistance {unknown}
 w - a potion of flight {unknown}


   Skills:
 + Level 1.5 Dodging
 - Level 7.0 Stealth
 + Level 5.4 Spellcasting
 + Level 5.1 Conjurations
 - Level 0.7 Summonings
 - Level 1.0 Translocations
 + Level 2.4 Fire Magic
 + Level 2.3 Poison Magic


You had 6 spell levels left.
You knew the following spells:

 Your Spells              Type           Power      Damage    Failure   Level
a - Magic Dart            Conj           100%       1d8       1%          1
b - Searing Ray           Conj           64%        2d6       1%          2
c - Mephitic Cloud        Conj/Pois/Air  19%        N/A       9%          3
d - Fireball              Conj/Fire      12%        3d7       43%         5

Your spell library contained the following spells:

 Spells                   Type           Power      Damage    Failure   Level
 Slow                     Hex            24%        N/A       8%          1
 Blink                    Tloc           22%        N/A       8%          2
 Call Imp                 Summ           20%        N/A       9%          2
 Cigotuvi's Dreadful Rot  Necr/Pois/Air  20%        N/A       9%          2
 Fulminant Prism          Conj/Hex       9%         3d7       26%         4
 Iskenderun's Battlesphe  Conj           32%        2d8       26%         5
 Conjure Ball Lightning   Conj/Air       9%         3x3d6     99%         6
 Orb of Destruction       Conj           16%        9d7       100%        7


Dungeon Overview and Level Annotations

Branches:
Dungeon (6/15)
 Temple: D:4-7

Altars:
Cheibriados
Dithmenos
Fedhas
Hepliaklqana

Annotations:
D:6 eelars's ghost, novice MiFi


Innate Abilities, Weirdness & Mutations

You are completely covered in rugged brown scales. (AC +3, +7% HP)
Armour fits poorly on your strangely shaped body.
You have a long armoured tail.
You roll when moving toward enemies. (Rampage)
Your long tongue fully drains potion bottles. (2x potion effects)
Your tongue gives you trouble enunciating. (1.5x scroll delay)


Message History

Confirm with . or Enter, or press ? or * to list all spells.
Aiming: Searing Ray (safe; 1% risk of failure)
Press: ? - help, Shift-Dir - straight line, f/p - eelars's ghost
Aim: eelars's ghost (heavily damaged, 81% to hit)
The searing ray misses eelars's ghost.
The searing ray hits the bullfrog.
The bullfrog is heavily wounded. (Press . to maintain the ray.) Eelars's ghost whispers, "You will understand me better in a moment."
Eelars's ghost hits you but does no damage.
The searing ray hits eelars's ghost.
Eelars's ghost is heavily damaged.
The searing ray hits the bullfrog!
You kill the bullfrog!
Cheibriados thoroughly appreciates the change of pace.
Eelars's ghost hits you!
The searing ray hits eelars's ghost but does no damage.
Eelars's ghost is heavily damaged.
Eelars's ghost hits you!!
The searing ray hits eelars's ghost but does no damage.
Eelars's ghost is heavily damaged.
The searing ray hits the worm.
The worm is lightly wounded.
You finish channelling your searing ray.
Eelars's ghost hits you.
Okay, then.
Casting: Searing Ray (safe; 1% risk of failure)
Confirm with . or Enter, or press ? or * to list all spells.
Aiming: Searing Ray (safe; 1% risk of failure)
Press: ? - help, Shift-Dir - straight line, f/p - eelars's ghost
Aim: eelars's ghost (heavily damaged, 81% to hit)
The searing ray hits eelars's ghost!
Eelars's ghost is severely damaged.
The searing ray hits the worm!
The worm is severely wounded. (Press . to maintain the ray.) Eelars's ghost hits you!
* * * LOW HITPOINT WARNING * * *
As you slowly read the scroll of teleportation, it crumbles to dust.
You feel strangely unstable. Eelars's ghost hits you!
You die...

#.... ## ..#... .#
....#####.###### .
#.......##...## ...
#.......#~._.~#
....##...)...#≈...≈#
..?.......>..#~...~#
...##....<..#~...~#
#.@.....##~...~#
##W##..####.).##
#~w~##..####'###
#~~~##.#.##....#
#~~~#..#.##.####
#~~~####.##.# #~!r#
#..##.# #~~~#
#.###.#
###>###.#####.#


You could see a worm, eelars's ghost and a rat.

Vanquished Creatures
  Eustachio (D:5)
  A water moccasin (D:5)
  A black bear (D:4)
  4 ogres (D:5)
  2 bullfrogs
  A scorpion (D:5)
  A gnoll sergeant (D:5)
  3 hounds (D:5)
  2 orc priests (D:4)
  A jelly (D:5)
  3 iguanas
  Jessica (D:2)
  A sleepcap (D:5)
  An orc wizard (D:4)
  8 gnolls
  2 adders
  A river rat (D:6)
  2 white imps (D:5)
  An ufetubus (D:5)
  A worm (D:2)
  2 dart slugs
  23 orcs
  2 bats
  12 endoplasms
  A giant cockroach (D:2)
  7 goblins
  9 hobgoblins
  4 jackals (D:4)
  8 kobolds
  2 quokkas
  3 ball pythons
  A frilled lizard (D:3)
  A rat (D:3)
  A spectral kobold (D:6)
114 creatures vanquished.

Vanquished Creatures (others)
  2 plants (D:5)
2 creatures vanquished.

Grand Total: 116 creatures vanquished

Notes
Turn   | Place    | Note
-------+----------+-------------------------------------------
     0 | D:1      | Mesmaeker13 the Armataur Hedge Wizard began the quest for
                  | the Orb.
     0 | D:1      | Reached XP level 1. HP: 14/14 MP: 4/4
    69 | D:1      | Reached skill level 1 in Conjurations
   463 | D:1      | Reached XP level 2. HP: 16/21 MP: 0/5
  1328 | D:2      | Learned a level 2 spell: Searing Ray
  1728 | D:2      | Reached skill level 3 in Stealth
  1728 | D:2      | Reached XP level 3. HP: 27/27 MP: 1/7
  1926 | D:2      | Noticed Jessica
  1931 | D:2      | Killed Jessica
  2269 | D:2      | Reached XP level 4. HP: 35/35 MP: 3/8
  3123 | D:3      | You fall into a shaft and drop 2 floors!
  3123 | D:5      | Entered Level 5 of the Dungeon
  3144 | D:5      | Learned a level 3 spell: Mephitic Cloud
  3293 | D:5      | Reached skill level 4 in Stealth
  3293 | D:5      | Reached XP level 5. HP: 40/40 MP: 3/10
  3460 | D:4      | Noticed a black bear
  3502 | D:5      | Noticed a water moccasin
  3506 | D:5      | Noticed an ogre
  3516 | D:5      | Found a blossoming altar of Fedhas.
  3517 | D:5      | Noticed Eustachio
  3536 | D:5      | Killed Eustachio
  3537 | D:5      | Reached XP level 6. HP: 45/48 MP: 3/12
  3612 | D:5      | Found a shadowy altar of Dithmenos.
  3695 | D:5      | Reached skill level 5 in Stealth
  3918 | D:5      | Reached XP level 7. HP: 53/53 MP: 1/13
  4585 | D:4      | Reached skill level 6 in Stealth
  4848 | D:4      | Learned a level 5 spell: Fireball
  5467 | D:4      | Found a snail-covered altar of Cheibriados.
  5472 | D:4      | Became a worshipper of Cheibriados the Contemplative
  5682 | D:5      | Reached skill level 5 in Spellcasting
  5682 | D:5      | Reached skill level 1 in Fire Magic
  5682 | D:5      | Reached skill level 1 in Poison Magic
  5789 | D:5      | Reached XP level 8. HP: 60/60 MP: 10/15
  6209 | D:5      | Reached skill level 5 in Conjurations
  6368 | D:6      | Reached skill level 7 in Stealth
  6435 | D:6      | Found a hazy altar of Hepliaklqana.
  6490 | D:6      | Found a runed translucent door.
  6493 | D:6      | Identified the +6 falchion of False Accusations {venom, rF+
                  | rN++ MP+9}
  6497 | D:6      | Noticed eelars's ghost (novice MiFi)
  6513 | D:6      | Slain by eelars's ghost

Illustrated notes

Levels and vault maps discovered:
D:1:      minmay_arrival_open_corners, layout_basic
D:2:      layout_basic, minmay_tromino_v2, uniq_jessica
D:3:      layout_basic
D:4:      cheibrodos_greedy_goblins, layout_basic, kennysheep_slug_shrine
D:5:      layout_basic, grunt_dithmenos_smoke, fedhas_ov_isle_minmay,
          glass_columns_b, st_stairs_2, grunt_tough_drop, uniq_eustachio
D:6:      layout_loops_ring, nicolae_hepliaklqana_monster_ancestors,
          ebering_ghost_sewer_f, hangedman_decor_peaks_small,
          minmay_fractal_squares_gapless_5

Skill      XL: |  1  2  3  4  5  6  7  8 |
---------------+-------------------------+-----
Conjurations   | 1 2 3 4 5 |  5.1
Spellcasting   | 3 4 5 |  5.4
Stealth        | 3 4 5 6 7 |  7.0
Fire Magic     | 1 2 |  2.4
Poison Magic   | 1 2 |  2.3
Dodging        | |  1.5
Summonings     | |  0.7
Translocations | |  1.0

Action                     |  1- 3 |  4- 6 |  7- 9 || total
---------------------------+-------+-------+-------++-------
  Melee: Dagger            |    19 |    14 |    37 ||    70
         Tailslap          |     6 |     2 |     9 ||    17
         Rapier            |     6 |       |       ||     6
         Trident           |       |       |    16 ||    16
         Punch             |       |       |     1 ||     1
  Throw: Dart              |       |     3 |     1 ||     4
         Throwing net      |       |       |     1 ||     1
   Cast: Magic Dart        |    68 |    40 |    48 ||   156
         Searing Ray       |     3 |    13 |    27 ||    43
         Mephitic Cloud    |       |     2 |     1 ||     3
    Use: Scroll            |       |     6 |     4 ||    10
         Potion            |       |       |     1 ||     1
   Stab: Confused          |       |       |     2 ||     2
 Armour: Robe              |     5 |     3 |    14 ||    22
  Dodge: Dodged            |    17 |    10 |    39 ||    66
